 Dungeon Crawl Stone Soup version 0.18-a0-1361-g9293dd1 (webtiles) character file.

4411 Slowtrain the Grappler (level 10, -7/83 HPs)
             Began as a Minotaur Transmuter on Feb 19, 2016.
             Was a Believer of Makhleb.
             Mangled by an orc warrior
             ... wielding a +3 war axe
              (18 damage)
             ... in a bailey on Feb 20, 2016.
             The game lasted 01:02:23 (11605 turns).

Slowtrain the Grappler (Minotaur Transmuter)       Turns: 11605, Time: 01:02:23

Health: -7/83      AC:  2    Str: 14    XL:     10   Next: 14%
Magic:  6/11       EV: 31    Int: 12    God:    Makhleb [**....]
Gold:   489        SH:  0    Dex: 23    Spells: 3 memorised, 6 levels left

rFire  . . .     SeeInvis .       - Unarmed
rCold  . . .     Gourm    .     (armour currently unavailable)
rNeg   . . .     Faith    .     (shield currently unavailable)
rPois  x         Spirit   .     (helmet currently unavailable)
rElec  .         Dismiss  .     (cloak currently unavailable)
rCorr  +         Reflect  .     (gloves currently unavailable)
SustAt .         Harm     .     (boots currently unavailable)
MR     .....                    (no amulet)
Stlth  +++.......               (no ring)
                                w - ring of resist corrosion

@: agile, spider-form, not resistant to hostile enchantments, fairly stealthy
A: (retaliatory headbutt), (horns 0)
a: End Transformation, Minor Destruction, Renounce Religion


You were in a bailey.
You worshipped Makhleb.
Makhleb was pleased with you.
You were hungry.
You were a venomous arachnid creature.
You visited 2 branches of the dungeon, and saw 9 of its levels.
You also visited: Bailey.

You collected 489 gold pieces.

Inventory:

Hand Weapons
 i - a +1 hunting sling
Missiles
 a - 78 arrows
 b - 3 tomahawks of returning
 g - 305 stones (quivered)
 y - 3 tomahawks
 D - 12 poisoned arrows
 I - 18 arrows of flame
Armour
 j - a +0 pair of boots (melded)
 x - a +0 leather armour (melded)
Jewellery
 u - an uncursed amulet of harm
 w - a ring of resist corrosion (left front leg)
Wands
 e - a wand of teleportation (4/9)
 l - a wand of slowing (13/48)
 F - a wand of flame (30/48)
Scrolls
 k - a scroll of magic mapping
 n - 3 scrolls of remove curse
 p - 2 scrolls of fear
 r - 3 scrolls of teleportation
 t - 6 scrolls of immolation
 v - a scroll of recharging {unknown}
 B - a scroll of enchant armour {unknown}
 J - a scroll of blinking {unknown}
Potions
 f - 3 potions of agility
 h - a potion of curing
 z - a potion of resistance
 C - a potion of flight {unknown}
Books
 c - a book of Changes

   Spells                             Type                      Level
   a - Beastly Appendage              Transmutation                1
   b - Sticks to Snakes               Transmutation                2
   c - Spider Form                    Transmutation/Poison         3
   d - Ice Form                       Ice/Transmutation            4
   e - Blade Hands                    Transmutation                5
Comestibles
 d - 7 bread rations
 s - 3 meat rations
 H - a slice of pizza


   Skills:
 - Level 6.0 Fighting
 + Level 5.2 Dodging
 + Level 11.1 Unarmed Combat
 - Level 1.6 Spellcasting
 - Level 7.0 Transmutations
 - Level 2.1 Poison Magic


You had 6 spell levels left.
You knew the following spells:

 Your Spells              Type           Power        Failure   Level  Hunger
a - Beastly Appendage     Trmt           ###...       8%          1    ##.....
b - Sticks to Snakes      Trmt           ###.....     10%         2    ###....
c - Spider Form           Trmt/Pois      ##........   36%         3    ####...


Dungeon Overview and Level Annotations

Branches:
Dungeon (8/15)             Temple (1/1) D:4
   Lair: D:8-11

Altars:
Ashenzari
Cheibriados
Dithmenos
Elyvilon
Fedhas
Gozag
Kikubaaqudgha
Makhleb
Nemelex Xobeh
Pakellas
Qazlal
Ru
Sif Muna
Trog
Vehumet
Yredelemnul
Zin
The Shining One

Annotations:
D:5 Sigmund
D:6 exclusion: moth of wrath


Innate Abilities, Weirdness & Mutations

((You reflexively headbutt those who attack you in melee.))
((You have a pair of horns on your head.))


Message History

You hit the hobgoblin.
You kill the hobgoblin!
Makhleb accepts your kill.
You feel better.
The kobold throws a tomahawk of returning.
The tomahawk of returning completely misses you.
You hit the orc warrior.
The orc warrior is poisoned.
The orc warrior is lightly wounded.
An orc warrior comes into view. It is wielding a hand axe.
The orc warrior shouts!
You bite the orc warrior!
The orc warrior is heavily wounded.
The orc warrior hits you with an enchanted war axe!
* * * LOW HITPOINT WARNING * * *
Drink which item? (? for menu, Esc to quit)
You feel better. The orc warrior completely misses you.
You hit the orc warrior.
The orc warrior looks even sicker.
The orc warrior is severely wounded.
The orc warrior hits you with an enchanted war axe!!
You die...

▓▓▓
▓)▓
▓▓▓▓▓
▓.∩.▓
▓^.^▓
▓.∩s▓
##o##
K≈g≈
##≈.≈#


K≈o≈K ##≈.≈## K≈.≈. #≈o≈# You could see 2 orc warriors, an orc, a hobgoblin and
3 kobolds.

Vanquished Creatures
  Pikel (D:5)
  An orc knight (Bailey)
  Prince Ribbit (D:5)
  A spriggan (D:7)
  A hippogriff (D:7)
  A human (D:8)
  Purgy (D:3)
  6 orc warriors
  A sky beast (D:5)
  2 slaves (D:5)
  A phantom (D:7)
  2 centaurs
  9 ogres
  3 giant frogs
  2 scorpions
  4 wights (D:6)
  A crimson imp (D:8)
  A jelly (D:7)
  3 orc wizards (D:6)
  2 hounds (D:4)
  3 orc priests
  2 iguanas
  A giant frog skeleton (D:5)
  3 worker ants
  13 gnolls
  4 adders
  A shadow imp (D:5)
  An ooze (D:1)
  An adder zombie (D:6)
  An adder skeleton (D:8)
  6 worms
  3 giant geckos
  9 orcs
  8 giant cockroaches
  8 goblins
  4 hobgoblins
  10 jackals
  4 quokkas
  2 ball pythons
  8 bats
  A giant gecko skeleton (D:7)
  2 giant newts
  A jackal skeleton (D:7)
  11 kobolds
  15 rats
166 creatures vanquished.

Vanquished Creatures (collateral kills)
  An ogre (D:3)
  An adder (D:2)
  2 orcs (D:3)
4 creatures vanquished.

Vanquished Creatures (others)
  A slave (D:5)
  2 crimson imps (D:5)
  A worker ant zombie (D:5)
  An orc (D:5)
5 creatures vanquished.

Grand Total: 175 creatures vanquished

Notes
Turn   | Place    | Note
--------------------------------------------------------------
     0 | D:1      | Slowtrain the Minotaur Transmuter began the quest for the Orb.
     0 | D:1      | Reached XP level 1. HP: 16/16 MP: 1/1
   578 | D:1      | Reached XP level 2. HP: 5/23 MP: 0/3
   867 | D:1      | Learned a level 2 spell: Sticks to Snakes
  1366 | D:1      | Reached XP level 3. HP: 24/28 MP: 2/4
  2087 | D:2      | Reached skill level 4 in Unarmed Combat
  2381 | D:2      | Found a blossoming altar of Fedhas.
  2656 | D:2      | Reached XP level 4. HP: 32/35 MP: 5/5
  3381 | D:2      | Learned a level 3 spell: Spider Form
  3612 | D:3      | Noticed Purgy
  3628 | D:3      | Killed Purgy
  3628 | D:3      | Reached skill level 5 in Unarmed Combat
  3628 | D:3      | Reached XP level 5. HP: 14/40 MP: 1/6
  4063 | D:3      | Noticed an ogre
  4079 | D:3      | Killed an ogre
  4273 | D:3      | Reached XP level 6. HP: 36/47 MP: 5/7
  4546 | D:3      | Found a glowing golden altar of the Shining One.
  4548 | D:3      | Found a deep blue altar of Sif Muna.
  4553 | D:3      | Found a stormy altar of Qazlal.
  4702 | D:3      | Reached skill level 1 in Poison Magic
  5002 | D:4      | Found a staircase to the Ecumenical Temple.
  5012 | Temple   | Entered the Ecumenical Temple
  5136 | D:4      | HP: 1/47 [ogre/giant club (22)]
  5189 | D:4      | Found a shadowy altar of Dithmenos.
  5524 | Temple   | Became a worshipper of Makhleb the Destroyer
  6226 | D:4      | Reached XP level 7. HP: 52/52 MP: 1/8
  6402 | D:5      | Entered Level 5 of the Dungeon
  6460 | D:5      | Found a sacrificial altar of Ru.
  6463 | D:5      | Noticed Sigmund
  6547 | D:5      | Found a stormy altar of Qazlal.
  6549 | D:5      | Noticed a fire elemental
  6550 | D:5      | Noticed a water elemental
  6550 | D:5      | Noticed an air elemental
  6692 | D:5      | Noticed Prince Ribbit
  6722 | D:5      | Killed Prince Ribbit
  6722 | D:5      | Reached skill level 6 in Unarmed Combat
  6722 | D:5      | Reached skill level 5 in Transmutations
  6887 | D:5      | Noticed Pikel
  6913 | D:5      | Killed Pikel
  6913 | D:5      | Reached skill level 7 in Unarmed Combat
  6913 | D:5      | Reached XP level 8. HP: 22/59 MP: 2/9
  8092 | D:6      | Reached skill level 8 in Unarmed Combat
  8466 | D:6      | Found a burning altar of Makhleb.
  8564 | D:6      | Got a heavily runed scale mail
  8567 | D:6      | Noticed a moth of wrath
  8570 | D:6      | Found a bloodstained altar of Trog.
  8729 | D:6      | Reached * piety under Makhleb
  9127 | D:6      | Reached skill level 9 in Unarmed Combat
  9127 | D:6      | Reached XP level 9. HP: 64/64 MP: 6/10
  9588 | D:6      | Upgraded the game from 0.18-a0-1354-gbc5753f to 0.18-a0-1361-g9293dd1
 10110 | D:7      | Noticed a kobold demonologist
 10174 | D:7      | Reached ** piety under Makhleb
 10921 | D:7      | Reached skill level 10 in Unarmed Combat
 11272 | D:8      | Reached skill level 5 in Fighting
 11329 | D:8      | Found a flagged portal.
 11544 | Bailey   | Entered a bailey
 11565 | Bailey   | Noticed an orc knight
 11589 | Bailey   | Killed an orc knight
 11589 | Bailey   | Reached skill level 11 in Unarmed Combat
 11589 | Bailey   | Reached XP level 10. HP: 27/83 MP: 8/11
 11590 | Bailey   | Reached skill level 5 in Dodging
 11605 | Bailey   | Mangled by an orc warrior

Vault maps used:
D:1:      lightli_iron_boxes, minmay_misc_feat_secret_circle
D:2:      fedhas_altar_1, first_bread, kennysheep_minor_cross
D:3:      minitemple, feat_on_display, uniq_purgy
D:4:      nicolae_dithmenos_through_a_glass_darkly
D:5:      nicolae_ru_sacrificial_ziggurat, nicolae_qazlal_style_of_elements,
          uniq_prince_ribbit1, uniq_sigmund, uniq_pikel
D:6:      tgw_trog, basic_altar
D:7:      the_bakery, nrook_loot_triangle, st_stairs_13, lightli_corner_chamber
D:8:      okawaru_humans, enter_bailey_8
Temple:   triangle_lava_temple_11
Bailey:   bailey_axe_1, bailey

Action                   |  1- 3 |  4- 6 |  7- 9 | 10-12 || total
-------------------------+-------+-------+-------+-------++-------
Melee: Unarmed           |   109 |   129 |   324 |    13 ||   575
Throw: Stone             |    73 |    85 |    34 |       ||   192
       Tomahawk          |       |       |     2 |       ||     2
 Cast: Beastly Appendage |    16 |    12 |     1 |       ||    29
       Sticks to Snakes  |     2 |    11 |     6 |       ||    19
       Spider Form       |       |     4 |    40 |     1 ||    45
  Use: Scroll            |       |    15 |     2 |       ||    17
       Potion            |       |       |     9 |     1 ||    10
 Stab: Sleeping          |       |     1 |     1 |       ||     2
  Eat: Chunk             |     6 |    13 |    20 |       ||    39
       Meat ration       |       |       |     1 |       ||     1
